 Dungeon Crawl Stone Soup version 0.24.0-13-gcf9b319 (webtiles) character file.

Game seed: 17714023475877697401, levelgen mode: deterministic

11482 sweetbreads the Spry (level 11, -3/47 HPs)
             Began as a Spriggan Enchanter on Apr 28, 2020.
             Was an Elder of Kikubaaqudgha.
             Hit by a javelin thrown by a minotaur (31 damage)
             ... in a Gauntlet on Apr 29, 2020.
             The game lasted 01:22:55 (15174 turns).

sweetbreads the Spry (Spriggan Enchanter)          Turns: 15174, Time: 01:22:56

Health: -3/47      AC:  4    Str:  4    XL:     11   Next: 49%
Magic:  31/33      EV: 33    Int: 20    God:    Kikubaaqudgha [****..]
Gold:   588        SH:  0    Dex: 23    Spells: 4/26 levels left

rFire    . . .     SeeInvis +   a - +0 dagger (protect)
rCold    . . .     Gourm    .   (shield restricted)
rNeg     . . .     Faith    .   J - +1 robe {Archmagi}
rPois    .         Spirit   .   (helmet restricted)
rElec    .         Reflect  .   L - +0 cloak
rCorr    .         Harm     .   (gloves unavailable)
MR       +....     NoTele   +   (boots unavailable)
Stlth    ++++++....             (no amulet)
HPRegen  0.15/turn              q - +6 ring of dexterity
MPRegen  0.23/turn              P - ring of magical power

@: studying Dodging, very quick
A: very small, unfitting armour, see invisible, herbivore, speed 3, slow
metabolism 2
a: Receive Corpses, Renounce Religion


You were in a Gauntlet.
You worshipped Kikubaaqudgha.
Kikubaaqudgha was greatly pleased with you.
You were not hungry.

You visited 3 branches of the dungeon, and saw 12 of its levels.
You also visited: Ossuary and Gauntlet.

You collected 653 gold pieces.
You spent 65 gold pieces at shops.

Inventory:

Hand Weapons
 a - a +0 dagger of protection (weapon)
 p - a +1 dagger
 y - a +1 flail of crushing
 Q - the +9 morningstar "Ojeotz" {flame, +Rage rPois Str-3 Int+3, unknown}
   (You found it on level 8 of the Dungeon)

   It has been specially enchanted to burn those struck by it, causing extra
   injury to most foes and up to half again as much damage against particularly
   susceptible opponents.
   It affects your strength (-3).
   It affects your intelligence (+3).
   It protects you from poison.
   It lets you go berserk.
 W - the +4 war axe of Grandeur {vamp, Dex+6, unknown}
   (You found it on level 9 of the Dungeon)

   It inflicts no extra harm, but heals its wielder when it wounds a living foe.
   It affects your dexterity (+6).
Missiles
 r - 4 poisoned darts (quivered)
 C - 8 boomerangs of dispersal
Armour
 k - a scarf of spirit shield
 z - a +0 buckler
 J - a +1 robe of the Archmagi (worn)
 L - a +0 cloak (worn)
 U - a +0 robe of fire resistance
 V - a +2 robe of magic resistance
Jewellery
 q - a +6 ring of dexterity (left hand)
 u - an uncursed ring of flight
 F - a cursed ring of teleportation {unknown}
 G - the ring "Xoak" {Wiz *Corrode +Blink rF+ Dex+4, unknown}
   (You found it in a Gauntlet)

   [ring of wizardry]

   It improves your spell success rate.
   It affects your dexterity (+4).
   It protects you from fire.
   It lets you blink.
   It may corrode you when you take damage.
 P - a ring of magical power (right hand)
 R - a +1 ring of evasion
 Z - an uncursed ring of protection from magic
Wands
 b - a wand of scattershot (2)
 h - a wand of acid (4)
 B - a wand of random effects (15)
 K - a wand of flame (33)
 Y - a wand of clouds (2)
Scrolls
 e - 6 scrolls of identify
 f - a scroll of magic mapping
 i - 4 scrolls of amnesia {unknown}
 j - 5 scrolls of enchant armour {unknown}
 l - 4 scrolls of teleportation {unknown}
 m - 6 scrolls of remove curse {unknown}
 n - 4 scrolls of fear {unknown}
 s - 2 scrolls of random uselessness {unknown}
 t - 2 scrolls of noise {unknown}
 v - 3 scrolls of immolation {unknown}
 x - 3 scrolls of enchant weapon {unknown}
 H - a scroll of summoning {unknown}
 O - 3 scrolls of fog {unknown}
 T - a scroll of torment {unknown}
Potions
 c - 2 potions of haste
 g - 8 potions of heal wounds
 o - 2 potions of might
 A - 2 potions of flight
 D - 8 potions of curing
 E - 2 potions of brilliance
 N - 2 potions of berserk rage
 S - a potion of invisibility
Books
 w - a manual of Dodging
Comestibles
 d - 11 rations


   Skills:
 + Level 8.6 Short Blades
 + Level 15.1 Dodging
 + Level 12.7 Stealth
 - Level 8.0 Spellcasting
 - Level 10.0 Hexes
 + Level 6.0 Necromancy
 - Level 2.0 Ice Magic


You had 4 spell levels left.
You knew the following spells:

 Your Spells              Type           Power        Failure   Level  Hunger
a - Corona                Hex            ######.      1%          1    None
b - Ensorcelled Hibernat  Hex/Ice        #####.       1%          2    None
c - Confuse               Hex            ######..     1%          3    None
d - Tukima's Dance        Hex            ######..     1%          3    None
e - Dazzling Spray        Conj/Hex       #####.       3%          3    None
f - Sublimation of Blood  Necr           #####.....   1%          2    None
g - Regeneration          Chrm/Necr      ####......   8%          3    None
h - Dispel Undead         Necr           #####...     21%         5    #####..

Your spell library contained the following spells:

 Spells                   Type           Power        Failure   Level  Hunger
 Animate Skeleton         Necr           N/A          1%          1    None
 Confusing Touch          Hex            ######       1%          1    None
 Pain                     Necr           ####         1%          1    None
 Corpse Rot               Necr           N/A          1%          2    None
 Vampiric Draining        Necr           #####.....   2%          3    None
 Inner Flame              Hex/Fire       #####...     3%          3    None
 Animate Dead             Necr           N/A          7%          4    ###....
 Beastly Appendage        Tmut           ##....       9%          1    None
 Flame Tongue             Conj/Fire      ##...        9%          1    None
 Sticks to Snakes         Tmut           ##......     13%         2    None
 Throw Flame              Conj/Fire      ##....       13%         2    None
 Conjure Flame            Conj/Fire      ##......     26%         3    None
 Gell's Gravitas          Tloc           ##........   26%         3    None
 Spider Form              Tmut/Pois      ##........   26%         3    None
 Ice Form                 Ice/Tmut       ###.....     50%         4    ###....
 Petrify                  Tmut/Erth      ##......     63%         4    ###....
 Sticky Flame             Conj/Fire      ##......     63%         4    ###....
 Metabolic Englaciation   Hex/Ice        #####.....   21%         5    #####..
 Yara's Violent Unravell  Hex/Tmut       #####.....   30%         5    #####..
 Bolt of Draining         Conj/Necr      ####......   56%         5    #####..
 Borgnjor's Vile Clutch   Necr/Erth      ####......   56%         5    #####..
 Excruciating Wounds      Chrm/Necr      ####......   56%         5    #####..
 Blade Hands              Tmut           ##........   93%         5    #####..
 Fireball                 Conj/Fire      ##........   93%         5    #####..


Dungeon Overview and Level Annotations

Branches:
Dungeon (10/15)            Temple (1/1) D:4            Lair (1/6) D:9
    Orc (0/2) D:10        Ossuary (visited)         Gauntlet (1/1)

Altars:
Ashenzari
Cheibriados
Dithmenos
Elyvilon
Fedhas
Gozag
Hepliaklqana
Kikubaaqudgha
Makhleb
Nemelex Xobeh
Okawaru
Qazlal
Ru
Sif Muna
Trog
Uskayaw
Vehumet
Wu Jian
Xom
Yredelemnul
Zin
The Shining One

Shops:
D:4 !   D:7 =   D:8 (

Annotations:
D:6 1 runed translucent door, hawla's ghost, amateur GnVM Gauntlet 8 transporters


Innate Abilities, Weirdness & Mutations

You are very small and have problems with some larger weapons.
You are too small for most types of armour.
You have supernaturally acute eyesight. (SInv)
You are a herbivore.
You cover ground extremely quickly.
You need to consume almost no food.


Message History

Press: ? - help, Shift-Dir - straight line, f - minotaur
Aim: a minotaur, wearing the +6 chain mail of the Maze {rElec rF+ rN+ Int+2} and wearing the ring "Esolum" {rPois rF- MR+ Str+2 Int+2} (chance to defeat MR: 1%)
You feel a surge of power!
The minotaur resists with almost no effort.
Casting: Confuse (safe; 1% risk of failure)
Confirm with . or Enter, or press ? or * to list all spells.
Aiming: Confuse (safe; 1% risk of failure)
Press: ? - help, Shift-Dir - straight line, f/p - minotaur
Aim: a minotaur, wearing the +6 chain mail of the Maze {rElec rF+ rN+ Int+2} and wearing the ring "Esolum" {rPois rF- MR+ Str+2 Int+2} (chance to defeat MR: 1%)
Okay, then.
Evoke which item? (* to show all) (? for menu, Esc to quit)
Aiming: Cloud Cone
Press: ? - help, Dir - move target cursor, f/p - minotaur
Aim: a minotaur, wearing the +6 chain mail of the Maze {rElec rF+ rN+ Int+2} and wearing the ring "Esolum" {rPois rF- MR+ Str+2 Int+2} You create a blast of flame!
The minotaur is engulfed in blazing flames.
The minotaur throws a javelin.
The javelin pierces through you!!
Ouch! That really hurt!
You die...
Kikubaaqudgha rasps: "You have failed me!
Welcome... death!"

#...H.# #######'#######
#.............# #.###(###.###.#
#.###.###.###.# #.............#
###.###.###.###
#####.###H###.#####
#≈....@§§§§......≈# ## ###
##8..©.©.©§§.©.©..8# 8# #8#
8##≈...............≈#
#############################
..................≈∩≈.........
...............................
#######.###########.###########.
.©.#†##.#..[[©)...#.#(.#.©.#[=#.
#.#.#P#.#....t....#.##P.


You could see a minotaur.

Vanquished Creatures
  A catoblepas (Gauntlet)
  A ghost crab (Gauntlet)
  Urug (Lair:1)
  4 molten gargoyles (D:9)
  A gargoyle (Gauntlet)
  2 centaur zombies
  A hornet (D:10)
  Prince Ribbit (D:8)
  4 hippogriffs
  4 shadows (Gauntlet)
  A spriggan (D:8)
  A wraith (D:8)
  A wyvern (D:10)
  A yak (D:9)
  Grum (D:8)
  Menkaure (D:6)
  2 porcupines (D:9)
  A phantom (D:8)
  An orc warrior (D:9)
  4 sky beasts
  2 ogres
  An eye of draining (D:8)
  An ice beast (D:10)
  3 centaurs
  4 wolves (D:8)
  A big kobold (D:5)
  Blork the orc (D:5)
  11 bullfrogs
  3 water moccasin zombies (Ossuary)
  7 scorpions
  5 wights (D:7)
  A howler monkey (D:10)
  A lava snake (D:9)
  3 crimson imps
  A quasit (D:8)
  A bullfrog zombie (D:5)
  A jelly (D:10)
  4 orc priests
  4 hounds
  4 orc wizards
  3 bullfrog skeletons
  3 iguanas
  Terence (D:2)
  9 worker ants
  3 big kobold zombies (Ossuary)
  2 mummies (Ossuary)
  Robin (D:4)
  A worker ant zombie (D:8)
  10 gnolls
  18 adders
  2 shadow imps
  2 oozes
  5 adder zombies (Ossuary)
  4 dart slugs
  2 leopard geckos
  29 orcs
  11 giant cockroaches
  5 gnoll zombies (Ossuary)
  17 goblins
  11 hobgoblins
  18 jackals
  4 quokkas
  4 ball pythons
  5 bats
  5 frilled lizards
  5 hobgoblin zombies (Ossuary)
  A jackal skeleton (D:4)
  5 kobolds
  A leopard gecko skeleton (D:4)
  3 orc zombies (Ossuary)
  9 rats
292 creatures vanquished.

Vanquished Creatures (collateral kills)
  2 two-headed ogres
  An ogre (D:6)
3 creatures vanquished.

Grand Total: 295 creatures vanquished

Notes
Turn   | Place    | Note
-------+----------+-------------------------------------------
     0 | D:1      | sweetbreads the Spriggan Enchanter began the quest for the
                  | Orb.
     0 | D:1      | Reached XP level 1. HP: 9/9 MP: 5/5
    76 | D:1      | Found a glowing golden altar of the Shining One.
   911 | D:1      | Reached XP level 2. HP: 10/13 MP: 3/6
   917 | D:1      | Learned a level 2 spell: Ensorcelled Hibernation
  1222 | D:1      | Reached skill level 5 in Stealth
  1445 | D:2      | Reached XP level 3. HP: 16/16 MP: 4/8
  1450 | D:2      | Learned a level 3 spell: Confuse
  2394 | D:2      | Reached XP level 4. HP: 21/21 MP: 6/9
  2399 | D:2      | Learned a level 3 spell: Tukima's Dance
  2406 | D:2      | Found a faded altar of an unknown god.
  2935 | D:2      | Noticed Terence
  2971 | D:2      | Killed Terence
  3995 | D:3      | Reached XP level 5. HP: 24/24 MP: 8/11
  4013 | D:3      | Reached skill level 4 in Dodging
  4842 | D:4      | Found a shattered altar of Ashenzari.
  4888 | D:4      | Reached skill level 1 in Ice Magic
  5208 | D:4      | Reached XP level 6. HP: 28/28 MP: 0/12
  5345 | D:4      | Noticed Robin
  5870 | D:4      | Killed Robin
  6189 | D:4      | Found Apujumm's Distillery.
  6296 | D:4      | Reached skill level 5 in Dodging
  6416 | D:4      | Bought a potion of heal wounds for 65 gold pieces
  6444 | D:4      | Found a staircase to the Ecumenical Temple.
  6487 | Temple   | Entered the Ecumenical Temple
  6576 | Temple   | Became a worshipper of Kikubaaqudgha
  6786 | D:4      | Reached XP level 7. HP: 32/32 MP: 14/14
  6982 | D:5      | Entered Level 5 of the Dungeon
  7088 | D:5      | Noticed Blork the orc
  7096 | D:5      | Killed Blork the orc
  7096 | D:5      | Reached skill level 6 in Dodging
  7096 | D:5      | Reached skill level 5 in Hexes
  7218 | D:5      | Found a sand-covered staircase.
  7246 | Ossuary  | Entered an ossuary
  7658 | Ossuary  | Reached * piety under Kikubaaqudgha
  7658 | Ossuary  | Identified Kikubaaqudgha's Reference Book on Sinister Arts
                  | (Kikubaaqudgha gifted it to you in an ossuary)
  7658 | Ossuary  | Received a gift from Kikubaaqudgha
  7672 | Ossuary  | Learned a level 3 spell: Dazzling Spray
  7771 | Ossuary  | Reached skill level 5 in Short Blades
  8057 | D:5      | Reached skill level 7 in Dodging
  8070 | D:5      | Learned a level 2 spell: Sublimation of Blood
  8170 | D:5      | Reached XP level 8. HP: 31/36 MP: 11/15
  8413 | D:5      | Reached skill level 8 in Dodging
  8431 | D:5      | Reached skill level 10 in Stealth
  8733 | D:5      | Reached ** piety under Kikubaaqudgha
  8925 | D:5      | Reached skill level 9 in Dodging
  9229 | D:6      | Reached skill level 1 in Necromancy
  9525 | D:6      | Found a runed translucent door.
  9563 | D:6      | Noticed hawla's ghost (amateur GnVM)
  9599 | D:6      | Found an ornate altar of the Wu Jian Council.
  9649 | D:6      | Reached XP level 9. HP: 39/39 MP: 17/17
  9756 | D:6      | Reached skill level 10 in Dodging
  9829 | D:6      | Found a hide-covered altar of Uskayaw.
  9846 | D:6      | Noticed Menkaure
  9862 | D:6      | Killed Menkaure
  9862 | D:6      | Reached skill level 5 in Spellcasting
 10354 | D:7      | Found a burning altar of Makhleb.
 10361 | D:7      | Found a shimmering altar of Xom.
 10366 | D:7      | Found a hide-covered altar of Uskayaw.
 10369 | D:7      | Found a bloodstained altar of Trog.
 10398 | D:7      | Found Nimmea Funa's Jewellery Shop.
 10503 | D:7      | Found a snail-covered altar of Cheibriados.
 10583 | D:7      | Reached skill level 11 in Dodging
 10822 | D:7      | Reached *** piety under Kikubaaqudgha
 10822 | D:7      | Identified Kikubaaqudgha's Disquisition on Darkness
                  | (Kikubaaqudgha gifted it to you on level 7 of the Dungeon)
 10822 | D:7      | Received a gift from Kikubaaqudgha
 11071 | D:8      | Noticed a two-headed ogre
 11165 | D:8      | Got a crystal morningstar
 11243 | D:8      | Killed a two-headed ogre
 11338 | D:8      | Noticed Prince Ribbit
 11347 | D:8      | Killed Prince Ribbit
 11347 | D:8      | Reached XP level 10. HP: 44/44 MP: 20/20
 11539 | D:8      | Reached skill level 12 in Dodging
 11932 | D:8      | Found Nealor's Weapon Shoppe.
 12038 | D:8      | Noticed Grum
 12161 | D:8      | Killed Grum
 12257 | D:8      | Reached skill level 10 in Hexes
 12593 | D:9      | Noticed a molten gargoyle
 12595 | D:9      | Noticed a molten gargoyle
 12602 | D:9      | Noticed a molten gargoyle
 12614 | D:9      | Killed a molten gargoyle
 12623 | D:9      | Killed a molten gargoyle
 12732 | D:9      | Reached skill level 13 in Dodging
 12738 | D:9      | Noticed a molten gargoyle
 12740 | D:9      | Killed a molten gargoyle
 12893 | D:9      | Killed a molten gargoyle
 13066 | D:9      | Got an ichor-stained war axe
 13101 | D:9      | Reached skill level 5 in Necromancy
 13160 | D:9      | Reached **** piety under Kikubaaqudgha
 13307 | D:9      | Found a staircase to the Lair.
 13452 | D:9      | Found a hazy altar of Hepliaklqana.
 13548 | D:10     | Entered Level 10 of the Dungeon
 13612 | D:10     | Noticed a two-headed ogre
 13621 | D:10     | Killed a two-headed ogre
 13621 | D:10     | Reached XP level 11. HP: 43/47 MP: 23/23
 13673 | D:10     | Reached skill level 14 in Dodging
 13678 | D:10     | Learned a level 3 spell: Regeneration
 14037 | D:10     | Found a staircase to the Orcish Mines.
 14579 | Lair:1   | Entered Level 1 of the Lair of Beasts
 14590 | Lair:1   | Noticed Urug
 14595 | Lair:1   | Killed Urug
 14604 | Lair:1   | Found a gate leading to a gauntlet.
 14610 | Gauntlet | Entered a Gauntlet
 14610 | Gauntlet | Found a transporter.
 14620 | Gauntlet | Noticed a catoblepas
 14621 | Gauntlet | Found a transporter.
 14623 | Gauntlet | Found a transporter.
 14625 | Gauntlet | Found a transporter.
 14636 | Gauntlet | Found a transporter.
 14651 | Gauntlet | Found a transporter.
 14696 | Gauntlet | Found a transporter.
 14734 | Gauntlet | Found a transporter.
 14761 | Gauntlet | Killed a catoblepas
 14940 | Gauntlet | Found a transporter.
 14972 | Gauntlet | Learned a level 5 spell: Dispel Undead
 14998 | Gauntlet | Found a transporter.
 15057 | Gauntlet | Found a transporter.
 15077 | Gauntlet | Noticed a ghost crab
 15077 | Gauntlet | Found a transporter.
 15087 | Gauntlet | Killed a ghost crab
 15087 | Gauntlet | Reached skill level 15 in Dodging
 15092 | Gauntlet | Got a bound bone ring
 15119 | Gauntlet | Noticed a ghost crab
 15119 | Gauntlet | Found a transporter.
 15121 | Gauntlet | Found a transporter.
 15156 | Gauntlet | Identified the +6 chain mail of the Maze {rElec rF+ rN+
                  | Int+2}
 15156 | Gauntlet | Identified the ring "Esolum" {rPois rF- MR+ Str+2 Int+2}
 15156 | Gauntlet | Noticed a minotaur
 15174 | Gauntlet | Hit by a javelin thrown by a minotaur

Levels and vault maps discovered:
D:1:      minmay_arrival_nine_rooms, layout_basic, tso_altar
D:2:      layout_loops_ring, chequers_ecumenical_altar_simple, uniq_terence
D:3:      layout_basic, kennysheep_generic_room_4
D:4:      layout_rooms, overflow_temple_1_default, minmay_temple_entry_fiery,
          serial_shops, nicolae_shop_waterfront, minmay_manual_monstrance,
          uniq_robin
D:5:      layout_rooms, nicolae_ossuary_entry_false_entrances, first_ration,
          minmay_divided_ellipse, uniq_blork_the_orc
D:6:      layout_cave_pools, old_standard_altar, basic_altar,
          ebering_ghost_sewer_d, minmay_increasing_density, uniq_menkaure
D:7:      layout_loops_cross, grunt_temple_overflow_cloverleaf, basic_altar,
          serial_shops, shop
D:8:      layout_gridville, serial_shops, nicolae_shop_window_shopping,
          grunt_pizzeria, hangedman_decor_clover_reticule, uniq_grum,
          uniq_prince_ribbit1
D:9:      layout_cave_pods, old_standard_altar, grunt_lair_entry_orc_guard_hut,
          minivault_8
D:10:     layout_irregular_city, orc_0_dummy
Temple:   eino_narrow_crystal_temple
Lair:1:   gammafunk_lair_enchanted_lake, layout_regular_city,
          gauntlet_entry_generic, portal_ice_cave_entry_ice_beasts,
          minmay_lair_oklob_chamber, grunt_megastairs_1, uniq_urug
Gauntlet: gammafunk_gauntlet_one_two_three
          [gammafunk_gauntlet_arena_split_diamond, nicolae_gauntlet_swirl,
          gammafunk_gauntlet_arena_corners, gammafunk_gauntlet_arena_split_x,
          gammafunk_gauntlet_arena_mazey, gammafunk_gauntlet_arena_teeth,
          gammafunk_gauntlet_arena_arrow_garden, nicolae_gauntlet_arena_t_cross,
          gammafunk_gauntlet_arena_grid, gauntlet_exit_watery]

Skill      XL: |  1  2  3  4  5  6  7  8  9 10 11 |
---------------+----------------------------------+-----
Stealth        | 5 6 7 8 10 11 12 | 12.7
Spellcasting   | 3 4 6 7 8 |  8.0
Short Blades   | 2 3 4 5 6 7 8 |  8.6
Hexes          | 4 5 7 9 10 | 10.0
Dodging        | 4 5 7 9 11 13 15 | 15.1
Ice Magic      | 1 2 |  2.0
Necromancy     | 1 3 5 6 |  6.0

Action                   |  1- 3 |  4- 6 |  7- 9 | 10-12 || total
-------------------------+-------+-------+-------+-------++-------
Melee: Dagger            |   106 |   302 |   670 |   377 ||  1455
 Cast: Corona            |    16 |     2 |       |       ||    18
       Ensorcelled Hiber |    20 |    84 |    59 |    38 ||   201
       Confuse           |       |     3 |    23 |    28 ||    54
       Tukima's Dance    |       |       |     5 |     9 ||    14
       Sublimation of Bl |       |       |     1 |     1 ||     2
       Dazzling Spray    |       |       |       |     1 ||     1
Evoke: Wand              |       |       |       |     7 ||     7
  Use: Scroll            |       |       |       |    11 ||    11
 Stab: Sleeping          |    14 |    56 |    60 |    47 ||   177
       Confused          |       |     1 |    16 |    15 ||    32
       Distracted        |       |     1 |       |     2 ||     3
  Eat: Ration            |       |     5 |     4 |     2 ||    11
Armor: Robe              |     8 |    35 |    50 |    10 ||   103
Dodge: Dodged            |    82 |   256 |   429 |   220 ||   987
